 Dungeon Crawl Stone Soup version 0.28.0 (webtiles) character file.

Game seed: 9115539340756476878

107 PoweredByGinger the Chopper (level 4, -9/26 HPs)
             Began as a Gargoyle Gladiator on Feb 7, 2022.
             Killed by divine providence
             ... invoked by an orc priest
              (14 damage)
             ... on level 3 of the Dungeon.
             The game lasted 00:02:07 (2495 turns).

PoweredByGinger the Chopper (Gargoyle Gladiator)    Turns: 2495, Time: 00:02:08

Health: -9/26      AC: 14    Str: 19    XL:     4   Next: 85%
Magic:  4/4        EV:  5    Int:  9    God:
Gold:   75         SH:  0    Dex: 11    Spells: 3/3 levels left

rFire   . . .      SeeInvis .   a - +0 war axe
rCold   . . .      Faith    .   (no shield)
rNeg    + . .      Spirit   .   h - +0 plate armour
rPois   ∞          Reflect  .   c - +0 helmet
rElec   +          Harm     .   (no cloak)
rCorr   .          Rampage  .   (no gloves)
Will    .....                   (no boots)
Stlth   ..........              (no amulet)
HPRegen 0.08/turn               (no ring)
MPRegen 0.09/turn               (no ring)

@: no status effects
A: sickness immunity, AC +3, negative energy resistance 1, electricity
resistance, torment resistance 1, petrification resistance
a: no special abilities


You were on level 3 of the Dungeon.
You visited 1 branch of the dungeon, and saw 3 of its levels.

You collected 75 gold pieces.

Inventory:

Hand Weapons
 a - a +0 war axe (weapon)
Missiles
 d - a throwing net (quivered)
 k - 4 poisoned darts
Armour
 c - a +0 helmet (worn)
 h - a +0 plate armour (worn)
Jewellery
 f - an amulet of reflection
 l - an amulet of guardian spirit
Scrolls
 e - 2 scrolls of identify {unknown}
 g - a scroll of teleportation {unknown}
 i - a scroll of holy word {unknown}
 j - a scroll of immolation {unknown}
Potions
 b - a potion of degeneration {unknown}
 n - 2 potions of might {unknown}


   Skills:
 - Level 2.1 Fighting
 + Level 4.9 Axes
 - Level 1.7 Throwing
 - Level 2.4 Dodging


You had 3 spell levels left.
You didn't know any spells.
Your spell library contained the following spells:

 Spells                   Type           Power      Damage    Failure   Level
 Slow                     Hex            0%         N/A       100%        1
 Summon Small Mammal      Summ           0%         N/A       100%        1
 Call Canine Familiar     Summ           0%         N/A       100%        3
 Confusing Touch          Hex            0%         N/A       100%        3
 Summon Guardian Golem    Hex/Summ       0%         N/A       100%        3
 Vampiric Draining        Necr           0%         2d6       100%        3


Dungeon Overview and Level Annotations

Branches:
Dungeon (3/15)

Altars:


Innate Abilities, Weirdness & Mutations

You are immune to sickness and miasma.
Your stone body is resilient. (AC +3)
You are immune to poison.
You resist negative energy. (rN+)
You are resistant to electric shocks. (rElec)
You are resistant to unholy torment.
You are immune to petrification.


Message History

The orc priest invokes the aid of Beogh against you.
You barely resist.
You bump into the rock wall.
You bump into the rock wall.
The orc priest hits you but does no damage.
You closely miss the orc priest.
The orc priest hits you with a +0 flail.
You barely miss the orc priest.
You feel less confused.
The orc priest hits you but does no damage.
You barely miss the orc priest.
The orc priest hits you with a +0 flail!
* * * LOW HITPOINT WARNING * * *
The orc priest closely misses you.
Throw: 3 throwing nets
Press: ? - help, Q - select action, (/) - cycle Shift-Dir - straight line, f - orc priest
Aim: an orc priest, wielding a +0 flail (56% to hit)
You throw a throwing net.
The throwing net barely misses the orc priest.
The orc priest barely misses you.
Unknown command.
Unknown command.
Throw: 2 throwing nets
Press: ? - help, Q - select action, (/) - cycle Shift-Dir - straight line, f/p - orc priest
Aim: an orc priest, wielding a +0 flail (56% to hit)
You throw a throwing net. The throwing net hits the orc priest.
The orc priest is caught in the net!
The orc priest struggles against the net.
You slash the orc priest!
The orc priest is severely wounded.
The orc priest struggles against the net.
You hit the orc priest.
The orc priest is almost dead.
The orc priest struggles against the net.
You barely miss the orc priest.
The orc priest is almost dead.
The orc priest mumbles some strange prayers to Beogh against you.
Beogh smites you!
Ouch! That really hurt!
You die...

#.# #(# #.# #.#
... #.# #)# # #
#o# ##.##. #@#
......####.#
##.........#
.........###
##.#####.#
####.#####.#
........##.####
####.......[..#
...........##.#


You could see an orc priest (caught).

Vanquished Creatures
  An orc priest (D:3)
  An orc wizard (D:3)
  An adder (D:2)
  A dart slug (D:3)
  2 orcs
  4 ball pythons
  A bat (D:3)
  6 endoplasms
  2 giant cockroaches (D:1)
  7 goblins
  6 hobgoblins
  6 jackals (D:1)
  2 kobolds
  A frilled lizard (D:1)
41 creatures vanquished.

Notes
Turn   | Place    | Note
-------+----------+-------------------------------------------
     0 | D:1      | PoweredByGinger the Gargoyle Gladiator began the quest for
                  | the Orb.
     0 | D:1      | Reached XP level 1. HP: 12/12 MP: 1/1
    19 | D:1      | Reached skill level 3 in Axes
    49 | D:1      | Reached XP level 2. HP: 8/17 MP: 2/2
   765 | D:1      | Found a faded altar of an unknown god.
   800 | D:1      | Reached XP level 3. HP: 15/21 MP: 3/3
  1605 | D:2      | Reached skill level 4 in Axes
  2430 | D:3      | Reached XP level 4. HP: 26/26 MP: 4/4
  2495 | D:3      | Killed from afar by an orc priest

Illustrated notes

Levels and vault maps discovered:
D:1:      amcnicky_arrival_blooded_trapdoor, layout_rooms,
          basic_ecumenical_altar, serial_curves, eino_curves_01, eino_curves_04,
          eino_curves_01
D:2:      minmay_skewed_foursquare, layout_basic, minmay_crystal_room
D:3:      layout_loops_ring, minmay_misc_feat_x

Skill      XL: |  1  2  3 |
---------------+----------+-----
Axes           | 3 4 |  4.9
Fighting       | |  2.1
Throwing       | |  1.7
Dodging        | |  2.4

Action                   |  1- 3 |  4- 6 || total
-------------------------+-------+-------++-------
Melee: War axe           |   124 |    23 ||   147
       Punch             |     2 |       ||     2
Throw: Throwing net      |       |     2 ||     2
  Use: Potion            |       |     2 ||     2
Armor: Leather armour    |    36 |       ||    36
       Plate armour      |    55 |    15 ||    70
Dodge: Dodged            |    61 |     4 ||    65
